AoeStats
← 659788842

Arena

509884276Analyzed
3v3 RM · 4d ago on Sep 28, 2026· 24m 26s· 6 players
Game mode
Random Map
Map size
Normal (6 player)
Population
200
Speed
Normal
Resources
Standard
Victory
Conquest
Starting age
Dark Age
Ending age
Imperial Age
RankedLock teamsTeams togetherTeam positionsShared explorationLock speedFull tech treeHidden civsTurbo modeCheats
Victory
Defeat
🇨🇳 Chinese · China
540
+18
🇨🇳 Chinese · China
436
+22
🇨🇳 Britons · China
376
+25
🇯🇵 Ethiopians · Japan
632
-23
574
-22
🇺🇸 Byzantines · United States
531
-20
趁着风起拿下你
11:48 Feudal Age
17:27 Castle Age
16:26 Horse Collar
16:36 Double-Bit Axe
17:10 Gold Mining
17:13 Stone Mining
征服者
0:40 Loom
11:33 Feudal Age
21:25 Castle Age
19:35 Horse Collar
659788842
5:24 Loom
13:58 Feudal Age
15:24 Wheelbarrow
15:06 Horse Collar
15:36 Double-Bit Axe
16:57 Town Watch
MyGO!!!!! Dr. Shiina Taki
11:52 Feudal Age
13:04 Double-Bit Axe
15:48 Castle Age
14:36 Horse Collar
16:11 Wheelbarrow
16:56 Bow Saw
21:24 Town Watch
21:59 Hand Cart
21:49 Heavy Plow
23:10 Stone Mining
23:12 Gold Mining
Kobe Bryant
10:42 Feudal Age
11:31 Double-Bit Axe
11:27 Horse Collar
14:49 Castle Age
15:49 Bow Saw
20:44 Wheelbarrow
19:57 Loom
23:15 Hand Cart
24:12 Gold Mining
Carpet Johan
11:00 Feudal Age
11:56 Double-Bit Axe
12:09 Horse Collar
14:31 Castle Age
18:30 Bow Saw
21:55 Scale Mail Armor
24:56 Wheelbarrow
24:07 Loom
Connection lost

Rejoining the realm…

Still unreachable

The connection could not be restored.

Session expired

The server has moved on; the page needs a fresh start.